 Dungeon Crawl Stone Soup version 0.31-a0-232-gb1c03b2570 (webtiles) character file.

Game seed: 13318397405214580442

402 qw the Shooter (level 6, -8/52 HPs)
             Began as a Minotaur Hexslinger on July 7, 2023.
             Shot with an arrow by a centaur (14 damage)
             ... on level 5 of the Dungeon.
             The game lasted 00:01:10 (3564 turns).

qw the Shooter (Minotaur Hexslinger)                Turns: 3564, Time: 00:01:10

Health: -8/52      AC:  5    Str: 12    XL:     6   Next: 55%
Magic:  6/6        EV: 11    Int: 10    God:
Gold:   225        SH:  0    Dex: 15    Spells: 6/7 levels left

rFire   . . .        Y - +1 sling (drain)
rCold   . . .        (no shield)
rNeg    . . .        d - +0 ring mail
rPois   .            (helmet restricted)
rElec   .            (no cloak)
rCorr   .            (no gloves)
SInv    .            (no boots)
Will    .....        (no amulet)
Stlth   +            (no ring)
HPRegen 0.28/turn    (no ring)
MPRegen 0.10/turn

%: no passive effects
@: about to teleport
A: horns 2, retaliatory headbutt
a: no special abilities


You were on level 5 of the Dungeon.
You visited 1 branch of the dungeon, and saw 5 of its levels.

You collected 291 gold pieces.
You spent 66 gold pieces at shops.


Innate Abilities, Weirdness & Mutations

You have a pair of horns on your head.
You reflexively headbutt those who attack you in melee.


   Skills:
 - Level 4.0 Fighting
 + Level 6.5 Ranged Weapons
 - Level 1.8 Armour
 - Level 2.1 Dodging
 - Level 1.0 Spellcasting
 - Level 2.0 Hexes


You had 6 spell levels left.
You knew the following spells:

 Your Spells              Type           Power      Damage    Failure   Level
a - Slow                  Hex            16%        N/A       32%         1

Your spell library contained the following spells:

 Spells                   Type           Power      Damage    Failure   Level
 Inner Flame              Hex/Fire       2%         N/A       83%         3
 Portal Projectile        Hex/Tloc       4%         N/A       83%         3
 Cause Fear               Hex            2%         N/A       97%         4

Inventory:

Hand Weapons
 Y - a +1 sling of draining (weapon)
Armour
 d - a +0 ring mail (worn)
Scrolls
 b - a scroll of identify
 f - a scroll of teleportation
Potions
 c - 3 potions of curing
 e - a potion of mutation
 g - a potion of might
 h - a potion of enlightenment

Dungeon Overview and Level Annotations

Branches:
Dungeon (5/15)
 Temple: D:4-7

Altars:
Dithmenos
Hepliaklqana
Nemelex Xobeh
Xom

Shops:
D:3 *   D:5 (


Message History

Enter note:
Enter note:
Enter note: You shoot a sling bullet.
The sling bullet barely misses the ufetubus.
The ufetubus shouts!
You hear a shout!
You shoot a sling bullet.
The sling bullet hits the ufetubus but does no damage.
A centaur comes into view.
The centaur wields a +0 orcbow.
The centaur shoots an arrow.
The arrow hits you!
You shoot a sling bullet. The sling bullet hits the ufetubus.
The ufetubus is almost dead.
The centaur shoots an arrow.
The arrow hits you.
You shoot a sling bullet. The sling bullet hits the ufetubus.
You kill the ufetubus!
The centaur shoots an arrow.
The arrow barely misses you.
You shoot a sling bullet.
The sling bullet closely misses the centaur.
The centaur shoots an arrow.
The arrow closely misses you.
The centaur shoots an arrow.
The arrow hits you!
You shoot a sling bullet. The sling bullet hits the centaur!
The centaur is moderately wounded.
The centaur shoots an arrow.
The arrow barely misses you.
You shoot a sling bullet. The sling bullet hits the centaur.
The centaur is severely wounded.
The centaur shoots an arrow.
The arrow barely misses you.
The centaur shoots an arrow.
The arrow hits you!
You shoot a sling bullet. The sling bullet hits the centaur.
The centaur is severely wounded.
The centaur shoots an arrow.
The arrow hits you!
3563 ||| READING 2 scrolls of teleportation.
As you read the scroll of teleportation, it crumbles to dust.
You feel strangely unstable.
The centaur shoots an arrow.
The arrow barely misses you.
You shoot a sling bullet.
The sling bullet barely misses the centaur.
The centaur shoots an arrow.
The arrow hits you!
The centaur shoots an arrow.
The arrow hits you!
You die...

######....[. ...
#....#...... ...
#.###...\#...... ....
.........#......
.....########.........
.....#..<(...#..#####+
.........###.#..####
.........'...#.....##
.......@.#####.##...#
#####..........##...#
#.?..########...###
....... #...'.#
.......c. #...#.#
#........... #...#.#
#............ #####.##
#............# #...
######.


You could see a centaur.

Vanquished Creatures
  A phantom (D:4)
  A kobold brigand (D:5)
  A bullfrog (D:5)
  An orc priest (D:2)
  An orc wizard (D:2)
  Robin (D:3)
  2 adders
  A gnoll (D:1)
  An ufetubus (D:5)
  2 worms (D:3)
  A dart slug (D:3)
  7 orcs
  A ball python (D:2)
  4 endoplasms
  7 giant cockroaches
  8 goblins
  11 hobgoblins
  7 jackals
  5 kobolds
  2 quokkas
  8 bats
  A frilled lizard (D:1)
  A rat (D:3)
75 creatures vanquished.

Notes
Turn   | Place    | Note
-------+----------+-------------------------------------------
     0 | D:1      | qw the Minotaur Hexslinger began the quest for the Orb.
     0 | D:1      | Reached XP level 1. HP: 16/16 MP: 1/1
     0 | D:1      | 0 ||| qw: Version: 0.3-a-46-gb1f654a
     0 | D:1      | 0 ||| qw: Game counter: 2257
     0 | D:1      | 0 ||| qw: Melee chars always use a shield: true
     0 | D:1      | 0 ||| qw: God list: Okawaru
     0 | D:1      | 0 ||| qw: Allow faded altars: false
     0 | D:1      | 0 ||| qw: Do Orc after clearing Dungeon:15 true
     0 | D:1      | 0 ||| qw: Do second Lair branch before Depths: true
     0 | D:1      | 0 ||| qw: Lair rune preference: random
     0 | D:1      | 0 ||| qw: Goals: Normal
     0 | D:1      | 0 ||| PLANNING D:1-11
   193 | D:1      | Reached skill level 3 in Ranged Weapons
   193 | D:1      | Reached XP level 2. HP: 23/23 MP: 2/2
   338 | D:1      | Reached XP level 3. HP: 11/29 MP: 3/3
   338 | D:1      | HP: 7/29 [hobgoblin (4)]
   533 | D:1      | 533 ||| UPGRADING to +0 ring mail.
   543 | D:1      | 543 ||| DROPPING +0 robe.
   544 | D:1      | 544 ||| DROPPING +6 ring of intelligence.
   545 | D:1      | 545 ||| READING scroll labelled RANUD CIZEGA.
   546 | D:1      | 546 ||| READING 2 scrolls labelled OWUUFO LAIPON.
   547 | D:1      | 547 ||| READING scroll labelled BUTEIRCHIXKO.
   548 | D:1      | 548 ||| DROPPING scroll of poison.
   549 | D:1      | 549 ||| DROPPING scroll of amnesia.
   682 | D:2      | 682 ||| Stepping ~*~*~tactically~*~*~ (outnumbered).
   686 | D:2      | 686 ||| Stepping ~*~*~tactically~*~*~ (outnumbered).
   690 | D:2      | Reached skill level 4 in Ranged Weapons
   690 | D:2      | Reached XP level 4. HP: 23/36 MP: 4/4
   693 | D:2      | Reached skill level 1 in Armour
   832 | D:2      | 832 ||| FLEEEEING.
   837 | D:2      | 837 ||| FLEEEEING.
   838 | D:2      | 838 ||| STAIRDANCE
   873 | D:1      | 873 ||| READING scroll labelled MYQYWKU EXOIG.
  1092 | D:2      | Identified the +8 plate armour of Fagocaq {rPois Will-
                  | Regen+ Dex+6}
  1459 | D:2      | 1459 ||| READING scroll labelled WOHEAHINKA.
  1460 | D:2      | 1460 ||| READING scroll labelled ORIFARHAUHA.
  1491 | D:3      | Identified the +10 trident "qw's Regret" {drain, Str+3
                  | Int+4}
  1522 | D:3      | Noticed Robin
  1527 | D:3      | Killed Robin
  1528 | D:3      | Reached skill level 5 in Ranged Weapons
  1598 | D:3      | Found Faihe's General Store.
  1605 | D:3      | Reached XP level 5. HP: 42/42 MP: 5/5
  1611 | D:3      | 1611 ||| BUYING potion of curing (33 gold).
  1611 | D:3      | Bought a potion of curing for 33 gold pieces
  1611 | D:3      | 1611 ||| BUYING scroll of teleportation (33 gold).
  1611 | D:3      | Bought a scroll of teleportation for 33 gold pieces
  1712 | D:3      | Found a sparkling altar of Nemelex Xobeh.
  1743 | D:3      | Reached skill level 3 in Fighting
  2109 | D:3      | Found a shimmering altar of Xom.
  2127 | D:3      | Found an ornate altar of the Wu Jian Council.
  2127 | D:3      | Found a shadowy altar of Dithmenos.
  2129 | D:3      | Found a hazy altar of Hepliaklqana.
  2129 | D:3      | Found a shadowy altar of Dithmenos.
  2129 | D:3      | Found a shimmering altar of Xom.
  2176 | D:3      | 2176 ||| DROPPING ring of flight.
  2177 | D:3      | 2177 ||| READING 4 scrolls of identify.
  2177 | D:3      | 2177 ||| IDENTIFYING amethyst potion
  2178 | D:3      | 2178 ||| READING 3 scrolls of identify.
  2178 | D:3      | 2178 ||| IDENTIFYING bubbling blue potion
  2179 | D:3      | 2179 ||| READING 2 scrolls of identify.
  2179 | D:3      | 2179 ||| IDENTIFYING black potion
  2180 | D:3      | 2180 ||| DROPPING potion of attraction.
  2181 | D:3      | 2181 ||| DROPPING potion of degeneration.
  2394 | D:4      | Found a hazy altar of Hepliaklqana.
  2449 | D:4      | Noticed a phantom
  2465 | D:4      | Killed a phantom
  2466 | D:4      | Reached skill level 6 in Ranged Weapons
  3044 | D:4      | 3044 ||| READING scroll labelled MAD CEICREG.
  3121 | D:4      | 3121 ||| DRINKING 2 puce potions.
  3150 | D:4      | 3150 ||| DRINKING 2 glowing coppery potions.
  3151 | D:4      | 3151 ||| READING 2 scrolls of identify.
  3151 | D:4      | 3151 ||| IDENTIFYING white potion
  3152 | D:4      | 3152 ||| DROPPING potion of lignification.
  3207 | D:5      | Entered Level 5 of the Dungeon
  3231 | D:5      | Reached XP level 6. HP: 43/52 MP: 6/6
  3538 | D:5      | Found Qaobleq's Antique Weapon Emporium.
  3562 | D:5      | HP: 12/52 [centaur/arrow (7)]
  3563 | D:5      | 3563 ||| READING 2 scrolls of teleportation.
  3564 | D:5      | Shot with an arrow by a centaur

Levels and vault maps discovered:
D:1:      dpeg_arrival_rhombi, layout_rooms, chequers_jeans
D:2:      layout_basic
D:3:      layout_loops_ring, doesnt_xom_only_xom, mainiacjoe_overflow_alcove_1,
          serial_shops, nicolae_diamond_shop, uniq_robin
D:4:      layout_basic, nicolae_hepliaklqana_hazy_memory, grunt_decor_resistance
D:5:      layout_basic, trog_hazing_becter, kennysheep_mini_moat,
          mainiacjoe_overflow_catwalk, serial_shops,
          nicolae_shop_back_alley_shop, shop, shop, shop, uniq_prince_ribbit1

Skill      XL: |  1  2  3  4  5 |
---------------+----------------+-----
Ranged Weapons | 3 4 5 6 |  6.5
Fighting       | 2 4 |  4.0
Armour         | 1 |  1.8
Dodging        | |  2.1
Spellcasting   | |  1.0
Hexes          | |  2.0

Action                     |  1- 3 |  4- 6 || total
---------------------------+-------+-------++-------
   Fire: Sling             |    75 |   169 ||   244
    Use: Scroll            |     3 |     9 ||    12
         Potion            |       |     2 ||     2
 Armour: Robe              |     4 |       ||     4
         Ring mail         |    14 |    20 ||    34
  Dodge: Dodged            |    44 |    40 ||    84

Table legend:
 A = Non-vault XP
 B = Vault XP
 C = Vault XP percentage of total XP
 D = Non-vault monster count
 E = Vault monster count
 F = Vault count percentage of total count
                 A         B        C        D         E       F
            +---------+---------+-------+---------+---------+-------
      Total |     546 |      29 |   5.0 |      67 |       8 |  10.7
            +---------+---------+-------+---------+---------+-------
        D:1 |      46 |       0 |   0.0 |      19 |       0 |   0.0
        D:2 |     118 |       0 |   0.0 |      16 |       0 |   0.0
        D:3 |      59 |      29 |  33.0 |      20 |       8 |  28.6
        D:4 |     117 |       0 |   0.0 |       5 |       0 |   0.0
        D:5 |     206 |       0 |   0.0 |       7 |       0 |   0.0
            +---------+---------+-------+---------+---------+-------
